Uruk, chaotic male orcish Barbarian --- ---.---- ...| --......-- |...|---- |........| --- |.|.--..--------------.....---- --.-- |.|-(.(.[..(....)).....|.|.--- ....-- |[|--%-------------------|..`| ---.....| ---|[- --- ----.------- |.....%------.--.. --[.....--..-- -.---%%..@a...^. |............--- ...| |..-----.... |.<............- ...| |.-- --..............-- ...| |.| |....--....--...| ...- -...----..||..-- ... --...| -------- ----- Uruk the Bandit Experience level: 6 Strength: 18/01 Dexterity: 17 Constitution: 18 Intelligence: 7 Wisdom: 8 Charisma: 7 Health: 0(55) Energy: 7(7) Def: 4 Gold: 639 Moves: 3868 Dungeon seed: BjiUmdBTshncdm44 Game ID: Uruk_1474966276 Your Inventory: Coins $ - 639 gold pieces Amulets w - an uncursed amulet of ESP x - a cursed amulet of unchanging Weapons a - a +0 battle-axe (weapon in hands) b - a +0 orcish short sword (alternate weapon; not wielded) Armor z - a cursed +0 orcish helm (being worn) I - an uncursed +0 pair of iron shoes (being worn) N - an uncursed +0 leather armor (being worn) Y - a cursed -1 orcish cloak (being worn) Comestibles c - 2 uncursed food rations f - an uncursed slime mold t - a cursed clove of garlic H - 2 uncursed tripe rations Potions Q - an uncursed potion of extra healing Rings m - a cursed ring of stealth B - an uncursed ring of sustain ability L - an uncursed ring of shock resistance P - a cursed -1 ring of gain strength Tools v - a cursed lock pick Gems n - an uncursed worthless piece of green glass q - 2 uncursed worthless pieces of violet glass r - an uncursed worthless piece of yellow glass y - an uncursed worthless piece of yellowish brown glass Spells and supernatural/magical abilities: Name Level Category Fail Memory W - pray for help -- divine ? -- Your skills at the end: Fighting Skills bare handed combat [Basic] Weapon Skills axe [Basic] short sword [Basic] Spellcasting Skills Final Attributes: You were piously aligned. You were poison resistant. You had infravision. You are dead. Vanquished creatures: a ghost a leprechaun a shrieker 2 gnome lords 2 gnomish wizards a gray ooze an elf zombie 2 little dogs a kitten 6 dwarves a kobold lord a rabid rat a giant bat a dwarf zombie an iguana 6 killer bees 3 acid blobs a coyote 2 hobbits a giant rat a green mold 16 gnomes 5 garter snakes a gnome zombie 2 geckos a jackal a fox a kobold 2 goblins 7 grid bugs 2 lichens a kobold zombie 6 newts 82 creatures vanquished. Voluntary challenges: You were an atheist. You used a wielded weapon 92 times, starting on turn 302. You read items or engraved 4 times, starting on turn 2564. You never genocided any monsters. You never polymorphed an object. You never changed form. You used no wishes. You never split a pudding. You never wrote Elbereth's name. You never violated your personal moral code. Dungeon overview: The Dungeons of Doom: levels 1 to 5 Level 1 a fountain a long staircase Level 2 a general store, a fountain Level 3 some fountains stairs to The Gnomish Mines Level 4 Level 5 many fountains The Gnomish Mines: levels 4 to 5 Level 4 stairs to The Dungeons of Doom Level 5 <- You were here History has recorded: On T:1 you entered the Dungeons of Doom to retrieve the Amulet of Yendor! On T:528 you reached level 2 of The Dungeons of Doom. On T:663 you advanced to experience level 2. On T:811 you reached level 3 of The Dungeons of Doom. On T:1325 you advanced to experience level 3. On T:1456 you reached level 4 of The Dungeons of Doom. On T:1582 you advanced to experience level 4. On T:2255 you reached level 5 of The Dungeons of Doom. On T:2311 you advanced to experience level 5. On T:2927 you reached level 1 of The Gnomish Mines. On T:3271 you advanced to experience level 6. On T:3397 you reached level 2 of The Gnomish Mines. Score breakdown: Gold: 639 ( 9545 points) Experience: 6 levels (12456 points) Exploration: 5 levels ( 9.80%) ( 8485 points) Discoveries: 3 items ( 1.22%) ( 3312 points) Valuables value: (no points given unless you survive) Artifact value: 0 ( 0 points) Variety of kills: 33 monsters ( 8.66%) ( 8829 points) Turncount: 3868 turns ( -975 points) Survival: died (score multiplied by 80%) Total score: 33321 Latest messages: The killer bee stings! (2x) You miss the killer bee. The killer bee stings! The killer bee's sting was poisoned! The poison doesn't seem to affect you. You kill the killer bee! You see here a killer bee corpse. A cloud of gas puts you to sleep! It stings! (7x) Its sting was poisoned! The poison doesn't seem to affect you. It stings! (2x) The combat suddenly awakens you. The killer bee stings! (2x) The killer bee's sting was poisoned! The poison doesn't seem to affect you. You miss the killer bee. The killer bee stings! (2x) The killer bee suddenly falls asleep! The killer bee stings! (3x) The killer bee's sting was poisoned! The poison doesn't seem to affect you. You miss the killer bee. The killer bee stings! You die... Final status: Goodbye Uruk the Barbarian, killed by a killer bee... You died in The Gnomish Mines on dungeon level 5 with 33321 points, and 639 pieces of gold, after 3868 moves. You were level 6 with a maximum of 55 hit points when you died.